 Dungeon Crawl Stone Soup version 0.30-a0-840-ga523dec638 (webtiles) character file.

Game seed: 12844762446161362191

23 FallingFreak the Grasshopper (level 2, 25/25 HPs)
             Began as an Armataur Warper on Mar 1, 2023.
             Quit the game on level 1 of the Dungeon.
             The game lasted 00:05:02 (803 turns).

FallingFreak the Grasshopper (Armataur Warper)       Turns: 803, Time: 00:05:03

Health: 25/25      AC:  4    Str: 16    XL:     2   Next: 75%
Magic:  5/5        EV:  9    Int: 13    God:
Gold:   56         SH:  0    Dex:  9    Spells: 3/5 levels left

rFire   . . .      SeeInvis .    a - +0 mace
rCold   . . .      Faith    .    (no shield)
rNeg    . . .      Spirit   .    b - +0 leather armour
rPois   .          Reflect  .    (no helmet)
rElec   .          Harm     .    (no cloak)
rCorr   .          Roll     +    (no gloves)
Will    .....                    (no barding)
Stlth   +                        (no amulet)
HPRegen 0.24/turn                (no ring)
MPRegen 0.09/turn                (no ring)

@: no status effects
A: large, rugged brown scales 3, deformed body, armoured tail, roll, long
tongue, awkward tongue
a: no special abilities


You were on level 1 of the Dungeon.
You visited 1 branch of the dungeon, and saw 1 of its levels.

You collected 56 gold pieces.

Inventory:

Hand Weapons
 a - a +0 mace (weapon)
Missiles
 d - 7 boomerangs of dispersal {!f}
 i - 3 stones (quivered)
Armour
 b - a +0 leather armour (worn)
 h - a +0 ring mail
Scrolls
 e - a scroll of immolation {unknown}
 f - a scroll of blinking
 g - 2 scrolls of identify {unknown}
Potions
 c - a potion of attraction {unknown}


   Skills:
 + Level 2.1 Fighting
 + Level 2.1 Maces & Flails
 - Level 0.8 Throwing
 + Level 1.8 Armour
 - Level 1.3 Dodging
 + Level 2.0 Spellcasting
 + Level 3.2 Translocations


You had 3 spell levels left.
You knew the following spells:

 Your Spells              Type           Power      Damage    Failure   Level
c - Blink                 Tloc           18%        N/A       12%         2

Your spell library contained the following spells:

 Spells                   Type           Power      Damage    Failure   Level
 Lesser Beckoning         Tloc           18%        N/A       12%         2
 Teleport Other           Tloc           9%         N/A       24%         3
 Freeze                   Ice            4%         1d3       30%         1
 Vhi's Electric Charge    Tloc/Air       10%        N/A       43%         3
 Frozen Ramparts          Ice            2%         1d1       67%         3
 Hailstorm                Conj/Ice       1%         3d3       67%         3
 Manifold Assault         Tloc           9%         N/A       63%         4


Dungeon Overview and Level Annotations

Branches:
Dungeon (1/15) Zot: 5171

Altars:


Innate Abilities, Weirdness & Mutations

You are completely covered in rugged brown scales. (AC +3, +7% HP)
Armour fits poorly on your strangely shaped body.
You have a long armoured tail.
You roll when moving toward enemies. (Rampage)
Your long tongue fully drains potion bottles. (2x potion effects)
Your tongue gives you trouble enunciating. (1.5x scroll delay)


Message History

Okay, then.
Hit: a) +0 mace
Press: ? - help, Dir - move target, f - you That would be overly suicidal.
Okay, then.
Hit: a) +0 mace
Press: ? - help, Dir - move target, f - you That would be overly suicidal.
Okay, then.
Hit: a) +0 mace
Press: ? - help, Dir - move target, f - you That would be overly suicidal.
Okay, then.
Unknown command.
You see here a ball python corpse.
You open the door.
You see here a ball python corpse.
Done exploring.
Search for what [? for help]? @ You see here a +0 ring mail.
h - a +0 ring mail You don't know any spells.
Unknown command.
There are no items here.
There are no items here.
There are no items here.
Search for what [Enter for "@", or ? for help]?
You see here 3 stones.
i - 3 stones You don't know any spells.
Memorise Blink, consuming 2 spell levels and leaving 3?
You start memorising the spell.
You continue memorising. x2
You finish memorising.
Spell assigned to 'c'.
Okay, then.
Unknown command.
Okay, then.
Saving game... please wait.
Welcome back, FallingFreak the Armataur Warper.
Press ? for a list of commands and other information.
Are you sure you want to abandon this character and quit the game? (Confirm with "yes".)

#.#######............##.# # #.#
#............@...##.## #
#.###†###............##..## #
#.##....#............###..# #
#.##....#............# ##.## #
#.##....#........##### #..### #
..###'#######+##..# ##...## # ###
### #.###.## ###.(## # ###### #.#
#..# ##..# # #....# #.# ##.###
#######.#### ### #....#
#.####...###...###..... ..####†...#
#.##.............#.....
.....'..).###.##.............#.....
..####........#...###...###........
.....#.....####...#>......#........
...#.###.#....#...#.......#...#....
...#.# #.####.##.............##..##


There were no monsters in sight!

Vanquished Creatures
  3 bats (D:1)
  An endoplasm (D:1)
  3 giant cockroaches (D:1)
  A hobgoblin (D:1)
  3 jackals (D:1)
  5 ball pythons (D:1)
  A frilled lizard (D:1)
  3 kobolds (D:1)
  3 rats (D:1)
23 creatures vanquished.

Notes
Turn   | Place    | Note
-------+----------+-------------------------------------------
     0 | D:1      | FallingFreak the Armataur Warper began the quest for the
                  | Orb.
     0 | D:1      | Reached XP level 1. HP: 18/18 MP: 3/3
   385 | D:1      | Reached XP level 2. HP: 21/25 MP: 4/4
   803 | D:1      | Learned a level 2 spell: Blink
   803 | D:1      | Quit the game

Illustrated notes

Levels and vault maps discovered:
D:1:      minmay_arrival_open_corners, layout_basic

Skill      XL: |  1  2 |
---------------+-------+-----
Fighting       | 2 |  2.1
Maces & Flails | 2 |  2.1
Spellcasting   | 2 |  2.0
Throwing       | |  0.8
Armour         | |  1.8
Dodging        | |  1.3
Translocations | |  3.2

Action                     || total
---------------------------++-------
  Melee: Mace              ||    82
         Tailslap          ||     6
         Punch             ||     1
 Armour: Leather armour    ||    44
  Dodge: Dodged            ||    46

Table legend: (Time is in decaauts)
 A = Elapsed time spent in this place.
 B = Non-inter-level travel time spent in this place.
 C = Inter-level travel time spent in this place.
 D = Time resting spent in this place.
 E = Time spent auto-exploring this place.
 F = Levels seen in this place.
 G = Mean time per level.
                   A        B        C        D        E       F      G
               +--------+--------+--------+--------+--------+-----+--------+
         Total |    828 |    814 |     14 |      0 |    611 |   1 |  828.0 |
       Dungeon |    828 |    814 |     14 |      0 |    611 |   1 |  828.0 |
               +--------+--------+--------+--------+--------+-----+--------+

Top non-repeatable levels by time:
     D:1: 828 daAuts
